 Dungeon Crawl Stone Soup version 0.30-a0-782-ge64f9170bb (webtiles) character file.

Game seed: 236564894128388227

24565 KleinerIrrer the Fighter (level 12, 0/92 HPs)
             Began as a Demonspawn Ice Elementalist on Feb 22, 2023.
             Was an Elder of Cheibriados.
             Slain by a death yak (7 damage)
             ... on level 2 of the Lair of Beasts on Feb 23, 2023.
             The game lasted 00:42:33 (16701 turns).

KleinerIrrer the Fighter (DsIE)                    Turns: 16701, Time: 00:42:34

Health: 0/92       AC: 14    Str: 21    XL:     12   Next: 81%
Magic:  1/19       EV: 17    Int: 36    God:    Cheibriados [****..]
Gold:   1116       SH:  5    Dex: 21    Spells: 4/20 levels left

rFire   . . .      SeeInvis +      - Unarmed
rCold   . . .      Faith    .    (no shield)
rNeg    . . .      Spirit   .    j - +1 leather armour
rPois   +          Reflect  +    (helmet unavailable)
rElec   .          Harm     .    U - +2 cloak {rPois}
rCorr   .          Rampage  .    (no gloves)
Will    .....                    (no boots)
Stlth   ++++                     y - amulet of reflection
HPRegen 0.35/turn                x - ring of see invisible
MPRegen 0.16/turn                T - +5 ring of evasion

@: ice-armoured, very slow
A: antennae 3, claws 2, foul stench 1, demonic magic 1, weakness stinger 1,
clever 2, frail 1
a: Renounce Religion, Bend Time, Temporal Distortion, Slouch


You were on level 2 of the Lair of Beasts.
You worshipped Cheibriados.
Cheibriados was greatly pleased with you.
You visited 4 branches of the dungeon, and saw 16 of its levels.
You also visited: Sewer, Ossuary and Gauntlet.

You collected 1116 gold pieces.

Inventory:

Hand Weapons
 c - a +1 dagger
 h - the +9 dagger of Wyrd {drain, Str+3 Dex+6}
   (You found it on level 6 of the Dungeon)

   Str:       It affects your strength (+3).
   Dex:       It affects your dexterity (+6).
 E - the +8 dagger "Beastslayer" {freeze, Int+3}
   (You found it on level 3 of the Dungeon)

   Int:       It affects your intelligence (+3).
 V - a +1 shortbow of flaming
Missiles
 d - 2 boomerangs
 e - 3 throwing nets
 g - 4 javelins
 k - 7 curare-tipped darts
 C - 33 poisoned darts (quivered)
 L - 6 silver boomerangs
 S - 2 datura-tipped darts
Armour
 j - a +1 leather armour (worn)
 U - a +2 cloak of poison resistance (worn)
Magical Staves
 z - a staff of air
Jewellery
 x - a ring of see invisible (left claw)
 y - an amulet of reflection (around neck)
 B - a ring of protection from cold
 K - a +6 ring of strength
 T - a +5 ring of evasion (right claw)
 W - a ring of protection from cold
 X - a ring of poison resistance
Wands
 D - a wand of acid (16)
 F - a wand of paralysis (19)
 I - a wand of roots (14)
 Y - a wand of digging (3)
 Z - a wand of polymorph (2)
Scrolls
 a - a scroll of blinking
 m - 4 scrolls of teleportation
 n - 2 scrolls of noise
 o - 6 scrolls of identify
 p - 6 scrolls of immolation
 q - a scroll of silence {unknown}
 s - 3 scrolls of fear {unknown}
 t - 4 scrolls of enchant weapon
 A - 2 scrolls of poison
 G - a scroll of fog
 M - 2 scrolls of magic mapping
 O - a scroll of brand weapon {unknown}
 P - a scroll of vulnerability {unknown}
 R - a scroll of amnesia {unknown}
Potions
 b - a potion of invisibility
 f - a potion of attraction {unknown}
 i - 7 potions of flight
 l - 4 potions of mutation
 r - a potion of cancellation
 v - 4 potions of curing
 w - 5 potions of brilliance
 H - 3 potions of magic
 J - a potion of resistance
 N - a potion of lignification
 Q - 3 potions of might


   Skills:
 + Level 12.6 Fighting
 - Level 8.0 Short Blades
 - Level 2.0 Armour
 - Level 2.0 Dodging
 - Level 8.6 Stealth
 - Level 8.3 Unarmed Combat
 - Level 4.7 Spellcasting
 - Level 3.7 Conjurations
 * Level 5.3 Ice Magic
 - Level 3.3 Air Magic
 - Level 3.7 Poison Magic


You had 4 spell levels left.
You knew the following spells:

 Your Spells              Type           Power      Damage    Failure   Level
a - Freeze                Ice            100%       1d10      1%          1
b - Frozen Ramparts       Ice            92%        1d14      1%          3
c - Ozocubu's Armour      Ice            46%        N/A       1%          3
d - Blink                 Tloc           16%        N/A       7%          2
e - Mephitic Cloud        Conj/Pois/Air  34%        N/A       3%          3
f - Manifold Assault      Tloc           8%         N/A       41%         4

Your spell library contained the following spells:

 Spells                   Type           Power      Damage    Failure   Level
 Magic Dart               Conj           100%       1d8       1%          1
 Cigotuvi's Dreadful Rot  Necr/Pois/Air  50%        N/A       2%          2
 Apportation              Tloc           16%        N/A       4%          1
 Necrotise                Necr           32%        1d5       4%          1
 Summon Small Mammal      Summ           32%        N/A       4%          1
 Call Imp                 Summ           8%         N/A       7%          2
 Kindle Blastsparks       Fire/Tloc/Air  32%        2d12      9%          3
 Summon Ice Beast         Ice/Summ       27%        N/A       16%         4
 Fulminant Prism          Conj/Hex       11%        3d9       22%         4
 Iskenderun's Mystic Bla  Conj/Tloc      22%        2d6       22%         4
 Dispel Undead            Necr           8%         3d8       41%         4
 Lee's Rapid Deconstruct  Erth           4%         3d5*      77%         5
 Summon Forest            Summ/Tloc      4%         N/A       77%         5
 Eringya's Noxious Bog    Tmut/Pois      11%        N/A       97%         6
 Ozocubu's Refrigeration  Ice            23%        4d12      99%         7
 Death Channel            Necr           4%         N/A       100%        6
 Storm Form               Tmut/Air       10%        N/A       100%        7
 Summon Hydra             Summ           4%         N/A       100%        7
 Chain Lightning          Conj/Air       17%        3d22      100%        9
 Fire Storm               Conj/Fire      11%        8d3       100%        9
 Shatter                  Erth           4%         3d7*      100%        9


Dungeon Overview and Level Annotations

Branches:
Dungeon (11/15)            Temple (1/1) D:7            Lair (2/5) D:11
    Orc (2/2) D:11          Sewer (visited)         Ossuary (visited)
Gauntlet (visited)
  Swamp: Lair:2-3    Shoals: Lair:2-3     Snake: Lair:2-3    Spider: Lair:2-3
    Elf: Orc:2

Altars:
Ashenzari
Cheibriados
Dithmenos
Fedhas
Gozag
Hepliaklqana
Kikubaaqudgha
Makhleb
Nemelex Xobeh
Okawaru
Qazlal
Ru
Sif Muna
Trog
Uskayaw
Vehumet
Wu Jian
Xom
Yredelemnul

Shops:
D:11 (

Annotations:
Orc:2 Sonja


Innate Abilities, Weirdness & Mutations

You have a pair of large antennae on your head. (SInv)
You have very sharp fingernails.
You may rarely emit foul miasma when damaged in melee.
Spells you cast may paralyse adjacent enemies.
You have a small tail.
Your mind is very acute. (Int +8, Str/Dex -2)
You are frail. (-10% HP)


Message History

The plant begins to die.
The elephant is engulfed in noxious fumes.
The elephant appears confused.
The elephant barely misses the death yak.
The elephant trunk-slaps the death yak but does no damage.
You claw the death yak!
The death yak is lightly wounded.
The death yak is engulfed in noxious fumes.
The death yak barely misses you.
You completely miss the death yak.
The death yak is lightly wounded.
The death yak completely misses you.
The elephant is engulfed in noxious fumes.
The elephant appears confused.
The elephant tramples the elephant!
The elephant stumbles backwards!
The death yak misses you.
You strike the helpless death yak from behind!
You mangle the death yak!!
You tail-slap the death yak, but do no damage.
The death yak is heavily wounded.
The death yak gores you. The death yak gores you!
The elephant barely misses you. The elephant misses you.
The death yak misses you.
The death yak gores itself!!
You scratch the death yak but do no damage.
You tail-slap the death yak, but do no damage.
The death yak is heavily wounded.
The death yak seems less confused. x2
The death yak gores you but does no damage.
The elephant is engulfed in noxious fumes.
You block the elephant's attack. The elephant misses you.
You block the death yak's attack.
The elephant trumpets!
You claw the death yak!
You tail-slap the death yak, but do no damage.
The death yak is severely wounded.
A nearby plant withers and dies.
The death yak gores you! x2
* * * LOW HITPOINT WARNING * * *
The elephant tramples you!
* * * LOW HITPOINT WARNING * * *
You hold your ground!
The elephant misses you. The death yak gores you!
You die...

#.............#....
##......#..........
#....<......##..>.
##...........#...P
##...........P.#.<
*#**####.......#.........
*...#..........#......#..
**......Y.....###.........
*,.......@Y.#.#**.....h...
**.#....YY#†...#*#.##YYY.#
*,......Y°#...####.##...##
*,.....#..Y..## #P.#..####
*,............*##.......#
*,.....#.....###.......##
**...........Y#........#
*###................###
#................#


You could see 3 death yaks and 3 elephants.

Vanquished Creatures
  Gastronok (D:8)
  Josephine (D:10)
  2 hydras (Lair:2)
  2 catoblepae
  2 two-headed ogres
  2 boulder beetles
  Nergalle (Lair:2)
  An oklob plant (D:11)
  2 elephants (Lair:2)
  A manticore (D:10)
  Maurice (D:9)
  3 cane toads
  A gargoyle (D:10)
  2 komodo dragons
  An unseen horror (D:11)
  2 hornets (D:8)
  2 trolls
  The ghost of corax the Magician, a novice SpCj (D:5)
  A polar bear (Lair:2)
  Grinder (D:6)
  Sigmund (D:6)
  5 wyverns
  A shadow (D:9)
  A vampire (D:7)
  A basilisk (Lair:2)
  25 yaks
  4 wraiths
  A steam dragon (D:5)
  Grum (D:11)
  An acid dragon (D:11)
  3 water moccasins
  2 ice beasts
  A sky beast (D:7)
  7 orc warriors
  2 black bears
  7 ogres
  6 wolves
  8 centaurs
  3 kobold brigands
  8 bullfrogs
  4 necrophages
  A gnoll sergeant (D:10)
  5 scorpions
  2 water moccasin zombies (Ossuary)
  6 wights
  The ghost of 0netwelve the Chopper, a weakling HOMo (D:3)
  4 killer bees (D:10)
  3 vampire bats (D:5)
  4 howler monkeys
  3 centaur zombies (Ossuary)
  2 jellies (D:5)
  2 bullfrog zombies (Ossuary)
  5 hounds
  3 gnoll boudas (D:11)
  4 orc priests
  5 iguanas
  2 scorpion zombies (Ossuary)
  8 orc wizards
  An ogre zombie (Ossuary)
  22 gnolls
  5 adders
  4 river rats (Sewer)
  2 white imps
  2 ufetubi
  4 adder zombies (Ossuary)
  2 worms (D:2)
  5 dart slugs
  49 orcs
  4 bat skeletons (D:5)
  2 bat zombies (D:5)
  6 endoplasms
  9 giant cockroaches
  5 gnoll zombies (Ossuary)
  14 hobgoblins
  A jackal (D:4)
  7 quokkas
  11 ball pythons
  10 bats
  12 frilled lizards
  5 goblins
  3 goblin zombies
  3 hobgoblin zombies (Ossuary)
  20 kobolds
  3 orc zombies (Ossuary)
  A quokka zombie (D:8)
  18 rats
412 creatures vanquished.

Vanquished Creatures (others)
  19 fungi
  21 plants
  20 withered plants (Gauntlet)
60 creatures vanquished.

Grand Total: 472 creatures vanquished

Notes
Turn   | Place    | Note
-------+----------+-------------------------------------------
     0 | D:1      | KleinerIrrer the Demonspawn Ice Elementalist began the
                  | quest for the Orb.
     0 | D:1      | Reached XP level 1. HP: 13/13 MP: 3/3
   284 | D:1      | Discovered your monstrous ancestry.
   284 | D:1      | Gained mutation: You have a small tail. [demonic ancestry]
   284 | D:1      | Reached XP level 2. HP: 12/19 MP: 0/5
   849 | D:2      | Gained mutation: You have sharp fingernails. [demonic
                  | ancestry]
   849 | D:2      | Reached XP level 3. HP: 4/24 MP: 3/6
  1295 | D:2      | You fall into a shaft and drop 2 floors!
  1434 | D:4      | Reached skill level 1 in Unarmed Combat
  1434 | D:4      | Gained mutation: Spells you cast may paralyse adjacent
                  | enemies. [demonic ancestry]
  1434 | D:4      | Reached XP level 4. HP: 22/31 MP: 0/7
  1442 | D:4      | Learned a level 3 spell: Frozen Ramparts
  1446 | D:4      | Learned a level 3 spell: Ozocubu's Armour
  1583 | D:4      | Reached skill level 1 in Fighting
  1583 | D:4      | Reached skill level 1 in Armour
  1626 | D:4      | Found a glowing drain.
  1663 | Sewer    | Entered a sewer
  1757 | Sewer    | Gained mutation: You have a pair of small antennae on your
                  | head. [demonic ancestry]
  1757 | Sewer    | Reached XP level 5. HP: 37/37 MP: 4/8
  2629 | D:4      | Gained mutation: You have very sharp fingernails. [demonic
                  | ancestry]
  2629 | D:4      | Reached XP level 6. HP: 44/44 MP: 4/10
  2794 | D:4      | Reached skill level 2 in Fighting
  2802 | D:4      | Reached skill level 3 in Fighting
  2953 | D:4      | Gained mutation: You have a pair of antennae on your head.
                  | [demonic ancestry]
  2953 | D:4      | Reached XP level 7. HP: 52/52 MP: 7/11
  3815 | D:3      | Found a runed translucent door.
  3815 | D:3      | Noticed 0netwelve's ghost (weakling HOMo)
  3922 | D:3      | Found a stormy altar of Qazlal.
  4229 | D:3      | Identified the +8 dagger "Beastslayer" {freeze, Int+3}
  4466 | D:3      | Killed 0netwelve's ghost
  4580 | D:5      | Entered Level 5 of the Dungeon
  4597 | D:5      | Reached skill level 1 in Short Blades
  4679 | D:5      | Reached skill level 4 in Fighting
  4853 | D:5      | Reached XP level 8. HP: 61/61 MP: 12/12
  4912 | D:5      | Found an ancient bone altar of Kikubaaqudgha.
  5318 | D:5      | Noticed corax's ghost (novice SpCj)
  5319 | D:5      | Found a runed translucent gate.
  5319 | D:5      | Found a runed translucent gate.
  5319 | D:5      | Found a runed translucent gate.
  5345 | D:5      | Killed corax's ghost
  5346 | D:5      | Reached skill level 5 in Fighting
  6022 | D:5      | Reached skill level 5 in Stealth
  6175 | D:5      | Reached skill level 6 in Fighting
  6262 | D:6      | Reached XP level 9. HP: 41/69 MP: 10/13
  6475 | D:6      | Identified the +9 dagger of Wyrd {drain, Str+3 Dex+6}
  6549 | D:6      | Noticed Sigmund
  6549 | D:6      | Noticed Grinder
  6571 | D:6      | Killed Sigmund
  6722 | D:6      | Killed Grinder
  6890 | D:6      | Reached skill level 5 in Short Blades
  7284 | D:7      | Reached skill level 7 in Fighting
  7771 | D:7      | Found an ornate altar of the Wu Jian Council.
  7917 | D:7      | Found a staircase to the Ecumenical Temple.
  8264 | Temple   | Entered the Ecumenical Temple
  8269 | Temple   | Became a worshipper of Cheibriados the Contemplative
  8389 | D:8      | Gained mutation: You may rarely emit foul miasma when
                  | damaged in melee. [demonic ancestry]
  8389 | D:8      | Reached XP level 10. HP: 80/80 MP: 6/14
  8439 | D:8      | Reached skill level 8 in Fighting
  8465 | D:8      | Noticed Gastronok
  8499 | D:8      | Killed Gastronok
  8509 | D:8      | Found a sand-covered staircase.
  8516 | Ossuary  | Entered an ossuary
  8593 | Ossuary  | Reached * piety under Cheibriados
  8691 | Ossuary  | Reached skill level 9 in Fighting
  8958 | D:8      | Found an opulent altar of Gozag.
  8971 | D:8      | Reached ** piety under Cheibriados
  9277 | D:8      | Found a sacrificial altar of Ru.
  9483 | D:9      | Found a hazy altar of Hepliaklqana.
  9790 | D:9      | Noticed Maurice
  9808 | D:9      | Killed Maurice
  9885 | D:9      | Found a radiant altar of Vehumet.
  9890 | D:9      | Noticed a two-headed ogre
  9895 | D:9      | Reached XP level 11. HP: 90/90 MP: 8/15
  9908 | D:9      | Reached skill level 10 in Fighting
  9916 | D:9      | Killed a two-headed ogre
 10061 | D:9      | Found a bloodstained altar of Trog.
 10195 | D:9      | Found a shimmering blue altar of Sif Muna.
 10243 | D:10     | Entered Level 10 of the Dungeon
 10243 | D:10     | Noticed a catoblepas
 10620 | D:10     | Noticed a two-headed ogre
 10633 | D:10     | Killed a two-headed ogre
 10637 | D:10     | Reached *** piety under Cheibriados
 10638 | D:10     | Reached skill level 5 in Unarmed Combat
 10891 | D:10     | Noticed Josephine
 10999 | D:10     | Killed Josephine
 11000 | D:10     | Reached skill level 11 in Fighting
 11329 | D:10     | Killed a catoblepas
 11860 | D:11     | Noticed a boulder beetle
 11878 | D:11     | Killed a boulder beetle
 12698 | D:11     | Found a staircase to the Lair.
 12701 | D:11     | Noticed an oklob plant
 12756 | D:11     | Noticed Grum
 12776 | D:11     | Killed Grum
 12898 | D:11     | Reached **** piety under Cheibriados
 13001 | D:11     | Found Ystud's Antique Weapon Emporium.
 13035 | D:11     | Gained mutation: You have a pair of large antennae on your
                  | head. (SInv) [demonic ancestry]
 13035 | D:11     | Reached XP level 12. HP: 73/102 MP: 16/16
 13222 | D:11     | Found a staircase to the Orcish Mines.
 13682 | Orc:1    | Entered Level 1 of the Orcish Mines
 14205 | Orc:2    | Entered Level 2 of the Orcish Mines
 14205 | Orc:2    | Noticed Sonja
 14217 | Orc:1    | Learned a level 2 spell: Blink
 14221 | Orc:1    | Learned a level 3 spell: Mephitic Cloud
 14285 | Lair:1   | Entered Level 1 of the Lair of Beasts
 14329 | Lair:1   | Reached skill level 12 in Fighting
 14338 | Lair:1   | Reached skill level 1 in Conjurations
 14338 | Lair:1   | Reached skill level 1 in Poison Magic
 14342 | Lair:1   | Reached skill level 1 in Air Magic
 15214 | Lair:2   | Noticed a four-headed hydra
 15225 | Lair:2   | Killed a four-headed hydra
 15228 | Lair:2   | Noticed a six-headed hydra
 15229 | Lair:2   | Noticed a boulder beetle
 15248 | Lair:1   | Killed a boulder beetle
 15404 | Lair:2   | Killed a six-headed hydra
 15508 | Lair:2   | Found a gate leading to a gauntlet.
 15512 | Gauntlet | Entered a Gauntlet
 15512 | Gauntlet | Noticed a tengu warrior
 15512 | Gauntlet | Found a transporter.
 15512 | Gauntlet | Found a transporter.
 15518 | Gauntlet | Found a transporter.
 15518 | Gauntlet | Found a transporter.
 15519 | Gauntlet | Found a transporter.
 15523 | Gauntlet | Noticed a hell beast
 15528 | Gauntlet | Noticed a ghost crab
 15530 | Gauntlet | Found a transporter.
 15532 | Gauntlet | Found a transporter.
 15539 | Gauntlet | Found a transporter.
 15539 | Gauntlet | Found a transporter.
 15541 | Gauntlet | Found a transporter.
 15543 | Gauntlet | Noticed a catoblepas
 15546 | Gauntlet | Found a transporter.
 15583 | Gauntlet | Found a transporter.
 15799 | Lair:2   | Noticed a death yak
 15801 | Lair:2   | Noticed a death yak
 15805 | Lair:2   | Noticed a death yak
 16044 | Lair:2   | Noticed Nergalle
 16046 | Lair:2   | Killed Nergalle
 16154 | Lair:2   | Noticed a catoblepas
 16172 | Lair:2   | Killed a catoblepas
 16369 | Lair:2   | Gained mutation: You are clumsy. (Dex -2) [potion of
                  | mutation]
 16369 | Lair:2   | Lost mutation: You are clumsy. (Dex -2) [potion of
                  | mutation]
 16369 | Lair:2   | Gained mutation: Your system is resistant to poisons.
                  | (rPois) [potion of mutation]
 16381 | Lair:2   | Lost mutation: Your system is resistant to poisons. (rPois)
                  | [potion of mutation]
 16381 | Lair:2   | Gained mutation: You are frail. (-10% HP) [potion of
                  | mutation]
 16381 | Lair:2   | Gained mutation: Your mind is acute. (Int +4, Str/Dex -1)
                  | [potion of mutation]
 16381 | Lair:2   | Gained mutation: Your mind is very acute. (Int +8, Str/Dex
                  | -2) [potion of mutation]
 16387 | Lair:2   | Learned a level 4 spell: Manifold Assault
 16685 | Lair:2   | Reached skill level 5 in Ice Magic
 16701 | Lair:2   | Slain by a death yak

Illustrated notes

Levels and vault maps discovered:
D:1:      zaba_arrival_water, layout_loops_ring, minmay_misc_feat_plants
D:2:      layout_basic, minmay_diced_spiral
D:3:      layout_basic, nicolae_qazlal_scattered_showers,
          ebering_ghost_inner_flame, kennysheep_generic_room_5
D:4:      layout_loops_ring, gup_sewer_entry_pipe, serial_park_tiny_2,
          grunt_decor_one_mirror, minmay_pentangle
D:5:      layout_loops_ring, kennysheep_vampire_church,
          gammafunk_ghost_nasty_kobolds
D:6:      layout_cave_pools, nicolae_tso_swordbearing_angel, uniq_grinder,
          uniq_edmund, uniq_sigmund
D:7:      layout_loops_ring, mainiacjoe_overflow_small_starburst, temple_pool_b,
          grunt_ministairs_15
D:8:      layout_loops_ring, nicolae_ru_sacrificial_ziggurat,
          mainiacjoe_overflow_paths, enter_ossuary_4, uniq_gastronok
D:9:      layout_gridville, mainiacjoe_overflow_catwalk,
          grunt_temple_overflow_open, old_standard_altar, uniq_maurice
D:10:     nzn_motion_control, layout_long_grid, uniq_josephine
D:11:     kennysheep_seaside_town, layout_long_grid, dpeg_oklobed_lair,
          orc_0_dummy, serial_shops, nicolae_shop_hallway_plus,
          serial_bayou_pond_c, uniq_grum
Temple:   minmay_freezing_vapour_temple
Lair:1:   layout_chaotic_city, chequers_serial_rivers_micro_a
Lair:2:   layout_misc_corridors, gauntlet_entry_generic, uniq_nergalle
Orc:1:    layout_caves
Orc:2:    st_orc_open, layout_caves, serial_shops,
          nicolae_shop_bloodbath_and_beyond, bh_open_orc_temple, uniq_sonja

Skill      XL: |  1  2  3  4  5  6  7  8  9 10 11 12 |
---------------+-------------------------------------+-----
Ice Magic      | 4 5 |  5.3
Stealth        | 2 3 5 7 8 |  8.6
Dodging        | 2 |  2.0
Unarmed Combat | 1 2 3 4 8 |  8.3
Fighting       | 1 3 4 6 7 9 11 12 | 12.6
Armour         | 1 2 |  2.0
Short Blades   | 2 4 6 8 |  8.0
Spellcasting   | 4 |  4.7
Conjurations   | 3 |  3.7
Poison Magic   | 3 |  3.7
Air Magic      | 3 |  3.3

Action                     |  1- 3 |  4- 6 |  7- 9 | 10-12 || total
---------------------------+-------+-------+-------+-------++-------
  Melee: Dagger            |    71 |    78 |   156 |   493 ||   798
         Tailslap          |     8 |     8 |    29 |    99 ||   144
         Punch             |     1 |     2 |     1 |    29 ||    33
         Unarmed           |       |    17 |    50 |    17 ||    84
  Throw: Dart              |       |       |       |    28 ||    28
   Cast: Freeze            |    55 |    29 |    33 |    67 ||   184
         Frozen Ramparts   |       |    12 |    31 |    46 ||    89
         Ozocubu's Armour  |       |     2 |    12 |    40 ||    54
         Mephitic Cloud    |       |       |       |     3 ||     3
  Evoke: Wand              |       |       |     1 |       ||     1
    Use: Potion            |     2 |       |       |    13 ||    15
         Scroll            |     6 |       |    10 |     8 ||    24
   Stab: Paralysed         |       |    12 |    24 |    40 ||    76
         Sleeping          |       |       |     8 |    13 ||    21
         Distracted        |       |       |       |     5 ||     5
         Confused          |       |       |       |     2 ||     2
 Armour: Robe              |     5 |       |       |       ||     5
         Leather armour    |    25 |    25 |    54 |   110 ||   214
  Dodge: Dodged            |    67 |    73 |   101 |   299 ||   540
  Block: Other             |       |       |    45 |   101 ||   146
         Reflection        |       |       |     3 |     3 ||     6

Table legend: (Time is in decaauts)
 A = Elapsed time spent in this place.
 B = Non-inter-level travel time spent in this place.
 C = Inter-level travel time spent in this place.
 D = Time resting spent in this place.
 E = Time spent auto-exploring this place.
 F = Levels seen in this place.
 G = Mean time per level.
                   A        B        C        D        E       F      G
               +--------+--------+--------+--------+--------+-----+--------+
         Total |  19327 |  18189 |   1138 |   1843 |  12847 |  19 | 1017.2 |
       Dungeon |  14442 |  13471 |    971 |    866 |  10285 |  11 | 1312.9 |
        Temple |     11 |      2 |      9 |      0 |      0 |   1 |   11.0 |
          Lair |   2798 |   2704 |     94 |    752 |   1534 |   2 | 1399.0 |
  Orcish Mines |    589 |    527 |     62 |      0 |    437 |   2 |  294.5 |
         Sewer |    800 |    800 |      0 |    172 |    403 |   1 |  800.0 |
       Ossuary |    281 |    281 |      0 |     52 |      0 |   1 |  281.0 |
      Gauntlet |    402 |    402 |      0 |      0 |    187 |   1 |  402.0 |
               +--------+--------+--------+--------+--------+-----+--------+

Top non-repeatable levels by time:
    D:11: 2785 daAuts
  Lair:1: 2025 daAuts
    D:10: 1947 daAuts
     D:5: 1803 daAuts
     D:4: 1300 daAuts
     D:7: 1134 daAuts
     D:8: 1081 daAuts
     D:3: 1040 daAuts
     D:9: 1003 daAuts
     D:6: 851 daAuts
     D:1: 837 daAuts
   Sewer: 800 daAuts
  Lair:2: 773 daAuts
     D:2: 656 daAuts
   Orc:1: 583 daAuts
